 Dungeon Crawl Stone Soup version 0.28.0-43-g3370ac3207 (webtiles) character file.

Game seed: 15374339454876642654

44 tizbic2 the Magician (level 3, 0/25 HPs)
             Began as a Djinni Conjurer on Mar 6, 2022.
             Slain by a hobgoblin (3 damage)
             ... on level 2 of the Dungeon.
             The game lasted 00:07:15 (1858 turns).

tizbic2 the Magician (Djinni Conjurer)              Turns: 1858, Time: 00:07:16

Health: 0/25       AC:  2    Str:  6    XL:     3   Next: 87%
Gold:   65         EV: 16    Int: 21    God:
                   SH:  0    Dex: 11

rFire   + + .      SeeInvis .   a - +0 war axe
rCold   x . .      Faith    .   (no shield)
rNeg    . . .      Spirit   .   e - +0 robe
rPois   ∞          Reflect  .   (no helmet)
rElec   .          Harm     .   (no cloak)
rCorr   +          Rampage  .   (no gloves)
Will    .....                   (boots unavailable)
Stlth   ++........              (no amulet)
HPRegen 0.08/turn               g - ring of resist corrosion
MPRegen 0.00/turn               b - +4 ring of evasion

@: flying
A: sickness immunity, fire resistance 2, cold vulnerability 1, float, innate
caster, HP casting, extra vitality 1
a: no special abilities


You were on level 2 of the Dungeon.
You visited 1 branch of the dungeon, and saw 3 of its levels.

You collected 65 gold pieces.

Inventory:

Hand Weapons
 a - a +0 war axe (weapon)
 w - a +0 hunting sling
Missiles
 c - 3 curare-tipped darts
 h - 3 poisoned darts
Armour
 e - a +0 robe (worn)
Jewellery
 b - a +4 ring of evasion (right hand)
 g - a ring of resist corrosion (left hand)
Scrolls
 f - a scroll of magic mapping
Potions
 j - a potion of invisibility


   Skills:
 - Level 2.1 Dodging
 - Level 1.5 Stealth
 * Level 4.2 Spellcasting


You couldn't memorise any spells.
You knew the following spells:

 Your Spells              Type           Power      Damage    Failure   Level
a - Magic Dart            Conj           88%        1d7       1%          1
b - Searing Ray           Conj           44%        2d6       3%          2
c - Dazzling Flash        Conj/Hex       44%        N/A       6%          3
d - Fulminant Prism       Conj/Hex       11%        3d9       21%         4
e - Iskenderun's Mystic   Conj/Tloc      22%        2d6       21%         4
f - Animate Skeleton      Necr           44%        N/A       1%          1
Your spell library was empty.

Dungeon Overview and Level Annotations

Branches:
Dungeon (3/15)

Altars:

Annotations:
D:3 1 runed translucent door


Innate Abilities, Weirdness & Mutations

You are immune to sickness and miasma.
You are immune to poison.
Your flesh is very heat resistant. (rF++)
You are vulnerable to cold. (rC-)
You float through the air rather than walking.
You learn spells naturally, not from books.
Your magical power is your life essence.
You have superior vitality. (+4 MHP)


Message History

The hobgoblin hits you. x2
* * * LOW HITPOINT WARNING * * *
The bat closely misses you. The bat hits you.
* * * LOW HITPOINT WARNING * * *
The goblin shouts!
The bat closely misses you.
You closely miss the bat. The bat hits you but does no damage. x3
The bat closely misses you.
You hit the bat.
The bat is heavily wounded.
The bat closely misses you. x2
You slash the goblin!
You kill the goblin!
You hit the bat.
You kill the bat!
The hobgoblin barely misses you.
You hit the hobgoblin but do no damage.
The hobgoblin is heavily wounded.
The hobgoblin misses you.
You hit the hobgoblin.
You kill the hobgoblin!
You hit the hobgoblin.
The hobgoblin is almost dead.
The hobgoblin hits you.
* * * LOW HITPOINT WARNING * * *
The hobgoblin hits you but does no damage.
You completely miss the hobgoblin.
The hobgoblin is almost dead.
The hobgoblin misses you.
You hit the hobgoblin but do no damage.
The hobgoblin is almost dead.
The hobgoblin barely misses you. x2
You closely miss the hobgoblin.
The hobgoblin is almost dead.
The hobgoblin closely misses you.
You barely miss the hobgoblin.
The hobgoblin is almost dead.
The hobgoblin hits you.
You die...

....,,,,* *#.*#.....<# ###.
....,,,,* #####..****#...######..
....,,,,* #.....** ##...)......#
...,,,,,* #...)#* #....##.#####
#*,****** #....# ###.##..#.###..
,,,**####*#....# ##...##.>#..)...
#..,,....##....# #.>####...####..
..#****#..#...g###.## #.#.# ##..
### ##.....gg@).# *#.#.###...
########†...######## *..#..##...
.)...............#* #.###......
######...#######..#***#.**#..####
# #...# **,,,,,..,,#..# #####
****,,..,,#### *,,,,,,* *,,,,,,*
*,,,,,,*


You could see 3 hobgoblins.

Vanquished Creatures
  An adder (D:2)
  A dart slug (D:1)
  A ball python (D:2)
  An endoplasm (D:1)
  6 goblins
  5 hobgoblins (D:2)
  3 jackals
  A kobold (D:2)
  A quokka (D:3)
  6 bats
  4 rats
30 creatures vanquished.

Vanquished Creatures (others)
  A fungus (D:2)
  8 plants (D:2)
  7 toadstools (D:1)
16 creatures vanquished.

Grand Total: 46 creatures vanquished

Notes
Turn   | Place    | Note
-------+----------+-------------------------------------------
     0 | D:1      | tizbic2 the Djinni Conjurer began the quest for the Orb.
     0 | D:1      | Reached XP level 1. HP: 15/15 MP: 0/0
   264 | D:1      | Reached XP level 2. HP: 12/21 MP: 0/0
  1038 | D:2      | You are sucked into a shaft and drop 1 floor!
  1086 | D:3      | Found a runed translucent door.
  1105 | D:3      | HP: 1/21 [bat (1)]
  1407 | D:2      | Reached XP level 3. HP: 22/25 MP: 0/0
  1407 | D:2      | Learned a level 1 spell: Animate Skeleton
  1606 | D:2      | Reached skill level 4 in Spellcasting
  1858 | D:2      | Slain by a hobgoblin

Illustrated notes

Levels and vault maps discovered:
D:1:      nagdon_arrival_zigzag_paths, layout_basic, minmay_stone_trees_small,
          minmay_crystal_water
D:2:      cheibrodos_greedy_goblins, layout_rooms,
          shapermc_ecumenical_altar_hornbeckon
D:3:      layout_basic, ebering_ghost_sewer_f

Skill      XL: |  1  2  3 |
---------------+----------+-----
Spellcasting   | 4 |  4.2
Dodging        | |  2.1
Stealth        | |  1.5

Action                   || total
-------------------------++-------
Melee: War axe           ||    54
 Cast: Magic Dart        ||    24
       Searing Ray       ||     4
  Use: Potion            ||     2
       Scroll            ||     4
 Stab: Sleeping          ||     1
Armor: Robe              ||    26
Dodge: Dodged            ||    83
